AoeStats
← Placebo33

Fortress

510775618Analyzed
1v1 RM · 15h ago on Oct 2, 2026· 42m 13s· 2 players
Game mode
Random Map
Map size
Small (3 player)
Population
200
Speed
Normal
Resources
Standard
Victory
Conquest
Starting age
Dark Age
Ending age
Imperial Age
RankedLock teamsTeams togetherTeam positionsShared explorationLock speedFull tech treeHidden civsTurbo modeCheats
Victory
Defeat
🇬🇷 Burgundians · Greece
649
+17
🇫🇷 Franks · France
668
-17
ser1980letis
0:33 Loom
1:24 Wheelbarrow
7:06 Feudal Age
7:34 Horse Collar
7:43 Double-Bit Axe
8:50 Bow Saw
8:54 Gold Mining
9:35 Heavy Plow
15:24 Gold Shaft Mining
17:02 Castle Age
15:15 Scale Mail Armor
15:50 Scale Barding Armor
16:10 Forging
16:53 Fletching
17:11 Town Watch
18:28 Iron Casting
18:02 Squires
18:43 Hand Cart
18:21 Pikeman
21:06 Crop Rotation
21:14 Husbandry
26:09 Imperial Age
24:47 Stone Mining
25:22 Chain Barding Armor
26:29 Burgundian Vineyards
27:16 Conscription
28:08 Blast Furnace
28:04 Town Patrol
30:57 Plate Barding Armor
31:39 Chain Mail Armor
35:33 Halberdier
36:46 Plate Mail Armor
36:30 Masonry
Placebo33
6:27 Loom
8:31 Feudal Age
13:25 Castle Age
11:42 Scale Barding Armor
11:39 Man-at-Arms
12:27 Double-Bit Axe
13:02 Gold Mining
13:25 Stone Mining
14:48 Bow Saw
20:15 Wheelbarrow
20:01 Town Watch
20:47 Long Swordsman
25:33 Hand Cart
28:56 Imperial Age
29:03 Imperial Age
26:51 Husbandry
28:11 Scale Mail Armor
28:22 Forging
28:34 Chain Barding Armor
28:58 Light Cavalry
29:35 Two-Handed Swordsman
30:35 Chain Mail Armor
30:43 Capped Ram
34:48 Champion
36:01 Conscription
38:37 Hoardings
41:15 Hoardings
Connection lost

Rejoining the realm…

Still unreachable

The connection could not be restored.

Session expired

The server has moved on; the page needs a fresh start.